 Dungeon Crawl Stone Soup version 0.27-a0-686-gaed091b46b (webtiles) character file.

Game seed: 9816152668528230950

60 sahdkjhfkaj the Ruffian (level 3, -2/33 HPs)
             Began as a Troll Brigand on Mar 20, 2021.
             Slain by a gnoll
             ... wielding a +0 halberd
              (9 damage)
             ... on level 3 of the Dungeon.
             The game lasted 00:01:08 (1443 turns).

sahdkjhfkaj the Ruffian (Troll Brigand)             Turns: 1443, Time: 00:01:09

Health: -2/33      AC:  5    Str: 20    XL:     3   Next: 82%
Magic:  2/2        EV:  9    Int:  7    God:
Gold:   52         SH:  0    Dex: 11    Spells: 2/2 levels left

rFire    . . .     SeeInvis .     - Unarmed
rCold    . . .     Faith    .   (no shield)
rNeg     . . .     Spirit   .   b - +0 robe
rPois    .         Reflect  .   (helmet restricted)
rElec    .         Harm     .   c - +0 cloak
rCorr    .         Rampage  .   (gloves unavailable)
Will     .....                  (boots unavailable)
Stlth    ++........             (no amulet)
HPRegen  1.11/turn              (no ring)
MPRegen  0.08/turn              (no ring)

@: lethally poisoned (-2 -> -3)
A: large, unfitting armour, claws 3, regeneration 1, shaggy fur 1, tough skin 1
a: no special abilities


You were on level 3 of the Dungeon.
You visited 1 branch of the dungeon, and saw 3 of its levels.

You collected 52 gold pieces.

Inventory:

Missiles
 d - 7 poisoned darts (quivered)
 e - 2 curare-tipped darts
Armour
 b - a +0 robe (worn)
 c - a +0 cloak (worn)
Jewellery
 a - a ring of magical power
Scrolls
 f - a scroll of amnesia {unknown}
 h - a scroll of holy word {unknown}
 i - 2 scrolls of identify {unknown}
 l - a scroll of fog {unknown}
Potions
 g - a potion of lignification {unknown}
 j - 2 potions of curing {unknown}
 k - a potion of might {unknown}


   Skills:
 - Level 1.5 Fighting
 - Level 1.5 Short Blades
 - Level 1.7 Throwing
 - Level 0.7 Dodging
 - Level 2.1 Stealth
 + Level 3.5 Unarmed Combat


You had 2 spell levels left.
You didn't know any spells.
Your spell library was empty.

Dungeon Overview and Level Annotations

Branches:
Dungeon (3/15)

Altars:


Innate Abilities, Weirdness & Mutations

You are too large for most types of armour.
You have claws for hands.
Your natural rate of healing is unusually fast.
You are covered in fur. (AC +1)
You have tough skin. (AC +1)


Message History

The adder bites you.
You are poisoned.
The adder poisons you!
You barely miss the adder.
You feel sick. The adder bites you.
You are more poisoned.
The adder poisons you!
You scratch the adder.
The adder is moderately wounded.
You feel sick. The adder bites you.
You are more poisoned.
The adder poisons you! The adder bites you but does no damage.
You scratch the adder.
The adder is almost dead.
You feel sick. The adder bites you but does no damage.
You claw the adder!
You kill the adder!
You feel sick.
You closely miss the frilled lizard.
You feel sick. The frilled lizard closely misses you.
You claw the frilled lizard!
You kill the frilled lizard!
You feel sick.
You feel sick. The gnoll closely misses you.
There is a stone staircase leading up, spattered with blood here.
You feel sick. The gnoll hits you with a +0 halberd!
You are too injured to fight recklessly!
You are too injured to fight recklessly!
You are too injured to fight recklessly!
You are too injured to fight recklessly!
You are too injured to fight recklessly!
You are too injured to fight recklessly!
You are too injured to fight recklessly!
You are too injured to fight recklessly!
A gnoll is nearby!
You feel sick.
The gnoll hits you from afar with a +0 halberd!
* * * LOW HITPOINT WARNING * * *
There is a stone staircase leading up, spattered with blood here.
The gnoll hits you from afar with a +0 halberd!
You die...

#.# #.# #.# ##
#.# .. #.# #..
#.# #.. #)#
###.##.#######
#...†.@.g....#
##.....######.#
.........# #.#
###......# #g#
#......#####.#
###.##..gg.g.#
... ###.......#
###. #.#######
.> ...#


You could see a gnoll.

Vanquished Creatures
  2 gnolls
  An adder (D:3)
  An ooze (D:2)
  2 leopard geckos
  2 goblins (D:2)
  5 hobgoblins
  4 jackals (D:1)
  4 bats
  5 frilled lizards
  2 kobolds (D:1)
28 creatures vanquished.

Notes
Turn   | Place    | Note
-------+----------+-------------------------------------------
     0 | D:1      | sahdkjhfkaj the Troll Brigand began the quest for the Orb.
     0 | D:1      | Reached XP level 1. HP: 19/19 MP: 0/0
     7 | D:1      | Noticed a black bear
     7 | D:1      | Noticed a killer bee
     8 | D:1      | Noticed a hog
     8 | D:1      | Noticed a swamp worm
   101 | D:1      | Reached skill level 1 in Unarmed Combat
   131 | D:1      | You fall into a shaft and drop 1 floor!
   342 | D:1      | Reached XP level 2. HP: 21/27 MP: 1/1
   355 | D:1      | Reached skill level 2 in Unarmed Combat
  1076 | D:2      | Reached XP level 3. HP: 30/33 MP: 2/2
  1231 | D:3      | Reached skill level 3 in Unarmed Combat
  1443 | D:3      | Slain by a gnoll

Illustrated notes

Levels and vault maps discovered:
D:1:      onia_arrival_zoo_common, layout_rooms
D:2:      layout_loops_ring
D:3:      layout_loops_ring, nrook_uturn, uniq_ijyb

Skill      XL: |  1  2  3 |
---------------+----------+-----
Unarmed Combat | 1 2 3 |  3.5
Fighting       | |  1.5
Short Blades   | |  1.5
Throwing       | |  1.7
Dodging        | |  0.7
Stealth        | |  2.1

Action                   || total
-------------------------++-------
Melee: Unarmed           ||    86
Throw: Dart              ||     1
 Stab: Sleeping          ||     4
Armor: Robe              ||    35
Dodge: Dodged            ||    49

Table legend: (Time is in decaauts)
 A = Elapsed time spent in this place.
 B = Non-inter-level travel time spent in this place.
 C = Inter-level travel time spent in this place.
 D = Time resting spent in this place.
 E = Time spent auto-exploring this place.
 F = Levels seen in this place.
 G = Mean time per level.
                   A        B        C        D        E       F      G
               +--------+--------+--------+--------+--------+-----+--------+
         Total |   1442 |   1315 |    127 |    103 |    973 |   3 |  480.7 |
       Dungeon |   1442 |   1315 |    127 |    103 |    973 |   3 |  480.7 |
               +--------+--------+--------+--------+--------+-----+--------+

Top non-repeatable levels by time:
     D:2: 856 daAuts
     D:1: 540 daAuts
     D:3: 45 daAuts
